 Dungeon Crawl Stone Soup version 0.22.0-13-g43fe8f2 (webtiles) character file.

5664 Amnesiac the Thrower (level 10, -3/67 HPs)
             Began as a Mummy Assassin on Aug 17, 2018.
             Slain by a porcupine (8 damage)
             ... on level 9 of the Dungeon.
             The game lasted 00:20:25 (9183 turns).

Amnesiac the Thrower (Mummy Assassin)               Turns: 9183, Time: 00:20:26

Health: -3/67      AC: 14    Str: 17    XL:     10   Next: 47%
Magic:  10/10      EV: 11    Int: 11    God:
Gold:   608        SH:  4    Dex: 14    Spells: 9/9 levels left

rFire    x . .     SeeInvis .   a - +1 dagger (elec)
rCold    + + .     Gourm    .   y - +0 buckler
rNeg     + + +     Faith    .   u - +2 chain mail {rC+}
rPois    ∞         Spirit   .   g - +0 helmet
rElec    .         Reflect  .   d - +2 cloak
rCorr    .         Harm     .   (no gloves)
MR       +....                  (no boots)
Stlth    ..........             (no amulet)
HPRegen  0.21/turn              c - ring of stealth
MPRegen  0.12/turn              r - +2 ring of evasion

@: no status effects
A: no food or potions, fire vulnerability, cold resistance 1, negative energy
resistance 3, torment resistance, unbreathing
a: no special abilities


You were on level 9 of the Dungeon.
You were not hungry.

You visited 2 branches of the dungeon, and saw 10 of its levels.

You collected 608 gold pieces.

Inventory:

Hand Weapons
 a - a +1 dagger of electrocution (weapon)
 b - a +4 blowgun
Missiles
 e - 54 poisoned needles
 k - 364 stones
 n - 9 tomahawks (quivered)
 s - 60 sling bullets
Armour
 d - a +2 cloak (worn)
 g - a +0 helmet (worn)
 u - a +2 chain mail of cold resistance (worn)
 y - a +0 buckler (worn)
Jewellery
 c - a ring of stealth (left hand)
 r - a +2 ring of evasion (right hand)
Wands
 f - a wand of enslavement (9)
 o - a wand of scattershot (2)
 p - a wand of iceblast (17)
 x - a wand of flame (3)
Scrolls
 h - 2 scrolls of amnesia {!r}
 i - a scroll of blinking {!r}
 j - a scroll of acquirement {!r, unknown}
 l - a scroll of magic mapping {!r}
 m - 3 scrolls of teleportation {!r}
 q - 2 scrolls of remove curse {!r}
 t - a scroll of identify {!r}
 v - a scroll of vulnerability {!r}
 w - a scroll of fog {!r}


   Skills:
 - Level 2.0 Fighting
 * Level 6.4 Short Blades
 - Level 10.0 Throwing
 - Level 6.0 Dodging
 - Level 3.2 Stealth
 + Level 1.3 Shields


You had 9 spell levels left.
You didn't know any spells.
Your spell library contained the following spells:

 Spells                   Type           Power        Failure   Level  Hunger
 Confuse                  Hex            #.......     100%        3    N/A
 Mephitic Cloud           Conj/Pois/Air  #.......     100%        3    N/A
 Venom Bolt               Conj/Pois      #.........   100%        5    N/A
 Olgreb's Toxic Radiance  Pois           #.......     100%        4    N/A
 Summon Small Mammal      Summ           #...         100%        1    N/A
 Summon Ice Beast         Ice/Summ       #.......     100%        4    N/A
 Call Imp                 Summ           #.......     100%        2    N/A
 Sting                    Conj/Pois      #...         100%        1    N/A
 Tukima's Dance           Hex            #.......     100%        3    N/A
 Call Canine Familiar     Summ           #.......     100%        3    N/A
 Ensorcelled Hibernation  Hex/Ice        #.....       100%        2    N/A
 Corona                   Hex            #......      100%        1    N/A
 Dazzling Spray           Conj/Hex       #.....       100%        3    N/A
 Summon Lightning Spire   Summ/Air       #.......     100%        4    N/A
 Summon Guardian Golem    Hex/Summ       #.......     100%        3    N/A
 Poisonous Vapours        Pois/Air       #.....       100%        2    N/A

Dungeon Overview and Level Annotations

Branches:
Dungeon (9/15)             Temple (1/1) D:4
   Lair: D:8-11         Orc: D:9-12

Altars:
Ashenzari
Cheibriados
Dithmenos
Elyvilon
Fedhas
Gozag
Hepliaklqana
Kikubaaqudgha
Makhleb
Nemelex Xobeh
Qazlal
Ru
Sif Muna
Trog
Uskayaw
Vehumet
Xom
Yredelemnul
Zin
The Shining One

Shops:
D:5 %   D:7 (


Innate Abilities, Weirdness & Mutations

You do not eat or drink.
Your flesh is vulnerable to fire.
You are immune to poison.
Your flesh is cold resistant. (rC+)
You are immune to negative energy. (rN+++)
You are immune to unholy pain and torment.
You can survive without breathing.


Message History

The killer bee misses you. The scorpion closely misses you.
The killer bee barely misses you.
You closely miss the scorpion.
The scorpion is heavily wounded.
You block the killer bee's attack.
The scorpion stings you but does no damage.
You hit the scorpion but do no damage.
The scorpion is heavily wounded.
The killer bee stings you. x2
The scorpion stings you but does no damage.
You hit the scorpion. Lightning courses through the scorpion!
You kill the scorpion!
The killer bee stings you.
You barely miss the killer bee. The killer bee misses you.
The killer bee closely misses you.
Your chain mail prevents you from hitting the killer bee.
The killer bee misses you.
Your chain mail prevents you from hitting the killer bee.
The killer bee stings you. x2
You hit the killer bee.
The killer bee is lightly wounded.
The killer bee stings you but does no damage.
You miss the killer bee.
The killer bee is lightly wounded.
The killer bee barely misses you.
You barely miss the killer bee.
The killer bee is lightly wounded.
You block the killer bee's attack.
The killer bee stings you but does no damage.
You closely miss the killer bee.
The killer bee is lightly wounded.
The killer bee barely misses you.
You hit the killer bee.
Lightning courses through the killer bee!
You kill the killer bee!
No target in view!
A porcupine comes into view.
A porcupine is nearby!
You are struck by the porcupine's spines.
You closely miss the porcupine.
Your chain mail prevents you from hitting the porcupine.
The porcupine bites you but does no damage.
You are struck by the porcupine's spines.
* * * LOW HITPOINT WARNING * * *
You closely miss the porcupine. The porcupine bites you.
* * * LOW HITPOINT WARNING * * *
You hit the porcupine.
The porcupine is lightly wounded.
The porcupine bites you!
* * * LOW HITPOINT WARNING * * *
You hit the porcupine.
The porcupine is moderately wounded.
The porcupine bites you!
* * * LOW HITPOINT WARNING * * *
You are too injured to fight recklessly!
You are too injured to fight recklessly!
You are too injured to fight recklessly!
You are too injured to fight recklessly!
You are struck by the porcupine's spines.
* * * LOW HITPOINT WARNING * * *
You hit the porcupine.
The porcupine is moderately wounded.
The porcupine bites you!
You die...

#......# #......# #.#
..... #......# #.#
..... #......# #.#
..... #......# #.#
..... #......# #.# ....
#...r..####.# ..#
#...@.......####..#
#####.......<...)[....#
..............).###...#
.......†..####))# #...#
.P..P..P..# #[)# #...#
.....PP.†.# #..# #...#
.PP.PP.†..# #..# #...#
PPPP.P..P..# #..# #<..#
.PPP..P....# #..# #...#


You could see a porcupine.

Vanquished Creatures
  2 two-headed ogres
  Grinder (D:5)
  Prince Ribbit (D:7)
  Sigmund (D:2)
  Duvessa (D:4)
  3 porcupines (D:9)
  2 orc warriors (D:8)
  An ice beast (D:8)
  5 ogres
  A necrophage (D:6)
  2 centaurs
  3 big kobolds (D:8)
  7 bullfrogs
  2 gnoll sergeants
  Dowan (D:4)
  3 scorpions
  A killer bee (D:9)
  A centaur zombie (D:7)
  5 crimson imps
  2 quasits
  A bullfrog zombie (D:8)
  5 orc priests
  2 bullfrog skeletons
  2 centaur skeletons
  3 hounds
  5 orc wizards
  Jessica (D:3)
  3 iguanas
  6 worker ants
  A hound skeleton (D:6)
  A howler monkey zombie (D:7)
  5 adders
  20 gnolls
  A shadow imp (D:7)
  3 oozes
  An adder zombie (D:6)
  A worm (D:3)
  A dart slug (D:2)
  5 leopard geckos
  40 orcs
  A ball python (D:4)
  8 bats
  2 giant cockroaches
  7 goblins
  12 hobgoblins
  13 jackals
  A quokka (D:7)
  6 frilled lizards
  A jackal skeleton (D:6)
  A jackal zombie (D:7)
  22 kobolds
  A quokka skeleton (D:6)
  A quokka zombie (D:6)
  6 rats
234 creatures vanquished.

Vanquished Creatures (others)
  6 fungi (D:9)
6 creatures vanquished.

Grand Total: 240 creatures vanquished

Notes
Turn   | Place    | Note
-------+----------+-------------------------------------------
     0 | D:1      | Amnesiac the Mummy Assassin began the quest for the Orb.
     0 | D:1      | Reached XP level 1. HP: 16/16 MP: 1/1
     3 | D:1      | Noticed an electric eel
     3 | D:1      | Noticed an electric eel
   106 | D:1      | Reached skill level 2 in Throwing
   205 | D:4      | Reached XP level 2. HP: 22/22 MP: 2/2
   208 | D:4      | Noticed an ogre
   223 | D:4      | Killed an ogre
   223 | D:4      | Reached skill level 3 in Throwing
   223 | D:4      | Reached XP level 3. HP: 27/27 MP: 3/3
   223 | D:4      | Reached XP level 4. HP: 33/33 MP: 4/4
   743 | D:3      | Reached skill level 1 in Dodging
  1242 | D:4      | Noticed Duvessa
  1333 | D:4      | Killed Duvessa
  1333 | D:4      | Reached XP level 5. HP: 38/38 MP: 5/5
  1342 | D:4      | Noticed Dowan
  1419 | D:3      | Noticed Jessica
  1607 | D:3      | Killed Jessica
  1607 | D:3      | Reached XP level 6. HP: 44/44 MP: 6/6
  1691 | D:4      | Killed Dowan
  1834 | D:4      | Found a sparkling altar of Nemelex Xobeh.
  2238 | D:4      | Found a staircase to the Ecumenical Temple.
  2248 | Temple   | Entered the Ecumenical Temple
  3099 | D:2      | Found a hide-covered altar of Uskayaw.
  3196 | D:2      | Noticed Sigmund
  3258 | D:3      | Reached skill level 5 in Dodging
  3258 | D:3      | Reached XP level 7. HP: 42/50 MP: 7/7
  3327 | D:2      | Killed Sigmund
  4195 | D:3      | Reached skill level 4 in Throwing
  4729 | D:5      | Entered Level 5 of the Dungeon
  4814 | D:5      | Found Babethus's Food Shoppe.
  4873 | D:5      | Reached skill level 5 in Throwing
  4873 | D:5      | Reached XP level 8. HP: 20/56 MP: 8/8
  5063 | D:5      | Noticed Grinder
  5083 | D:5      | Killed Grinder
  5243 | D:5      | Reached skill level 6 in Throwing
  5511 | D:6      | Noticed a two-headed ogre
  5590 | D:6      | Found a shimmering altar of Xom.
  5894 | D:6      | Killed a two-headed ogre
  5894 | D:6      | Reached skill level 8 in Throwing
  5894 | D:6      | Reached XP level 9. HP: 58/61 MP: 9/9
  6488 | D:7      | Reached skill level 9 in Throwing
  6577 | D:7      | Found Roemoss's Weapon Boutique.
  6629 | D:7      | Noticed Prince Ribbit
  6652 | D:7      | Killed Prince Ribbit
  6811 | D:7      | Found an opulent altar of Gozag.
  6816 | D:7      | Found a bloodstained altar of Trog.
  6817 | D:7      | Found a glowing golden altar of the Shining One.
  6817 | D:7      | Found a shadowy altar of Dithmenos.
  7117 | D:8      | Reached skill level 10 in Throwing
  7301 | D:8      | Noticed a two-headed ogre
  7372 | D:8      | Killed a two-headed ogre
  7372 | D:8      | Reached XP level 10. HP: 46/67 MP: 10/10
  7984 | D:8      | Reached skill level 5 in Short Blades
  8437 | D:8      | Found a blossoming altar of Fedhas.
  9148 | D:9      | Reached skill level 1 in Shields
  9183 | D:9      | Slain by a porcupine

Skill      XL: |  1  2  3  4  5  6  7  8  9 10 |
---------------+-------------------------------+-----
Throwing       | 2 3 5 8 10 | 10.0
Dodging        | 3 5 6 |  6.0
Short Blades   | 4 6 |  6.4
Shields        | 1 |  1.3
Fighting       | |  2.0
Stealth        | |  3.2

Action                   |  1- 3 |  4- 6 |  7- 9 | 10-12 || total
-------------------------+-------+-------+-------+-------++-------
Melee: Dagger            |    14 |    78 |   511 |   303 ||   906
       Short sword       |       |   124 |    27 |       ||   151
 Fire: Blowgun           |     9 |    45 |    16 |       ||    70
Throw: Stone             |       |    29 |     1 |       ||    30
       Tomahawk          |       |       |     7 |     1 ||     8
  Use: Scroll            |       |     9 |     9 |     1 ||    19
 Stab: Sleeping          |     1 |       |     2 |       ||     3
       Distracted        |       |       |     1 |       ||     1
Armor: Robe              |     3 |    12 |       |       ||    15
       Chain mail        |       |    83 |   212 |    51 ||   346
       Ring mail         |       |       |    51 |    15 ||    66
       Plate armour      |       |       |       |    52 ||    52
Dodge: Dodged            |    13 |    86 |   360 |   167 ||   626
Block: Buckler           |       |       |       |     5 ||     5
